 Dungeon Crawl Stone Soup version bcrawl-1.27.6 (webtiles) character file.

Game seed: 18424086727148802958

214646 DogServant the Ducker (level 5, 32/32 HPs)
             Began as an Avariel Reaver on Oct 5, 2020.
             Was an Initiate of Vehumet.
             Quit the game on level 2 of the Dungeon.
             The game lasted 00:02:13 (1506 turns).

DogServant the Ducker (Avariel Reaver)              Turns: 1506, Time: 00:02:14

Health: 32/32      AC:  5    Str:  9    XL:     5   Next: 59%
Magic:  13/13      EV: 14    Int: 20    God:    Vehumet [......]
Gold:   75         SH:  1    Dex: 12    Spells: 12/12 levels left

rFire    . . .     SeeInvis .   a - +0 long sword
rCold    + . .     Gourm    .   (no shield)
rNeg     . . .     Faith    .   b - +0 steam dragon scales
rPois    .         Spirit   .   (no helmet)
rElec    .         Reflect  .   (no cloak)
rCorr    .         Harm     .   (no gloves)
MR       .....                  (no boots)
Stlth    +.........             (no amulet)
HPRegen  0.10/turn              j - ring of protection from cold
MPRegen  0.13/turn              (no ring)

@: no status effects
A: no striking features
a: Renounce Religion


You were on level 2 of the Dungeon.
You worshipped Vehumet.
Vehumet was noncommittal.
You were not hungry.

You visited 1 branch of the dungeon, and saw 2 of its levels.

You collected 75 gold pieces.

Inventory:

Hand Weapons
 a - a +0 long sword (weapon)
 u - a +0 scythe
Missiles
 w - 120 stones (quivered)
Armour
 b - +0 steam dragon scales (worn)
 s - a +0 helmet
 v - a +2 robe of magic resistance
Jewellery
 j - a ring of protection from cold (left hand)
Wands
 r - a wand of digging (6)
Scrolls
 d - a scroll of immolation
 f - a scroll of amnesia {unknown}
 h - 3 scrolls of identify
 i - 2 scrolls of remove curse {unknown}
 k - a scroll of fog {unknown}
 n - a scroll of fear {unknown}
Potions
 c - a potion of haste
 g - a potion of resistance {unknown}
 l - 2 potions of degeneration {unknown}
 m - a potion of flight {unknown}
 o - 2 potions of heal wounds {unknown}
 p - a potion of berserk rage {unknown}
 q - 2 potions of curing {unknown}
 t - a potion of lignification {unknown}
Comestibles
 e - 5 rations {!d}


   Skills:
 + Level 3.6 Fighting
 + Level 4.3 Long Blades
 + Level 4.4 Dodging
 + Level 4.1 Spellcasting


You had 12 spell levels left.
You didn't know any spells.
Your spell library contained the following spells:

 Spells                   Type           Power        Failure   Level  Hunger
 Iskenderun's Battlesphe  Conj/Chrm      #.......     98%         5    ######.


Dungeon Overview and Level Annotations

Branches:
Dungeon (2/12)

Altars:


Message History

There is an open door here.
Found a stone staircase leading down.
You see here 95 javelins.
You see here 95 javelins.
There is a stone staircase leading down here.
A goblin comes into view.
The goblin shouts!
All of the chunks of flesh in your inventory have rotted away.
A goblin is nearby!
A goblin is nearby!
A goblin is nearby!
You closely miss the goblin. The goblin closely misses you.
You barely miss the goblin. The goblin barely misses you.
You closely miss the goblin. The goblin barely misses you.
The goblin hits you but does no damage.
A goblin is nearby!
A goblin is nearby!
You barely miss the goblin. The goblin hits you but does no damage.
You barely miss the goblin. The goblin misses you.
Are you sure you want to abandon this character and quit the game? (Confirm with "yes".)

#### #.. #.#####
###.#...# #...@g#
#.#.###
#############.#.#
...............>#
######.########.#
#.# #(# #.# #.#
##.###### #.####
#.......# #....#


You could see a goblin.

Vanquished Creatures
  Sigmund (D:2)
  An ooze (D:1)
  3 dart slugs
  4 leopard geckos
  2 giant cockroaches (D:2)
  A goblin (D:1)
  A hobgoblin (D:1)
  A bat (D:1)
  A frilled lizard (D:2)
  4 kobolds
  2 rats
21 creatures vanquished.

Notes
Turn   | Place    | Note
-------+----------+-------------------------------------------
     0 | D:1      | DogServant the Avariel Reaver began the quest for the Orb.
     0 | D:1      | Reached XP level 1. HP: 13/13 MP: 6/6
   324 | D:1      | Reached XP level 2. HP: 15/18 MP: 7/7
   624 | D:1      | Reached XP level 3. HP: 23/23 MP: 9/9
   844 | D:2      | Found a faded altar of an unknown god.
  1255 | D:2      | Noticed Sigmund
  1285 | D:2      | Killed Sigmund
  1285 | D:2      | Reached XP level 4. HP: 4/28 MP: 10/12
  1285 | D:2      | Reached XP level 5. HP: 4/32 MP: 10/13
  1506 | D:2      | Quit the game

Skill      XL: |  1  2  3 |
---------------+----------+-----
Spellcasting   | 3 4 |  4.1
Fighting       | 3 |  3.6
Long Blades    | 4 |  4.3
Dodging        | 4 |  4.4

Action                   |  1- 3 |  4- 6 || total
-------------------------+-------+-------++-------
Melee: Long sword        |    76 |     5 ||    81
 Stab: Sleeping          |     3 |       ||     3
  Eat: Chunk             |     3 |     1 ||     4
Armor: Steam dragon scal |    17 |     2 ||    19
Dodge: Dodged            |    48 |     4 ||    52
